 Dungeon Crawl Stone Soup version 0.17-a0-1769-g54adf96 (webtiles) character file.

981766 Thronen the Master Archer (level 27, -19/222 (224) HPs)
             Began as a High Elf Fighter on Sept 6, 2015.
             Was the Champion of Cheibriados.
             Killed from afar by a lich (28 damage)
             ... with a bolt of acid
             ... created by the effects of Hell
             ... on level 7 of Gehenna on Sept 7, 2015.
             The game lasted 14:26:10 (99200 turns).

Thronen the Master Archer (High Elf Fighter)       Turns: 99200, Time: 14:26:10

HP:   -19/222 (224) AC: 49    Str: 30      XL:     27
MP:   34/44         EV: 35    Int: 32 (33) God:    Cheibriados [******]
Gold: 8400          SH:  0    Dex: 43      Spells: 18 memorised, 15 levels left

rFire  + + +     SeeInvis .     a - +13 sword of the Doom Knight {pain, -Cast MR+}
rCold  + + +     Clarity  .     K - +9 armour of the Dragon King {rPois rF+ rC+ MR+}
rNeg   + . .     SustAt   .     (no shield)
rPois  +         Gourm    .     D - +2 helmet {rF+}
rElec  +         Spirit   .     R - +2 cloak {MR+}
rCorr  .         Warding  .     n - +0 pair of gloves of Death Resistance {Regen+}
rMut   +         Stasis   .     Y - +2 pair of boots of the Comet {rElec}
MR     +++++     NoCast   +     E - amulet of resist mutation
Stlth  ..........               y - ring of Accord {rElec rF+ rC+++ rN+ Str-4}
                                f - ring "Ydwiyvoz" {+Blink rC+ Str+4 Int+3 Slay+5}

@: very slow, almost entirely resistant to hostile enchantments, extremely
unstealthy
A: deterioration 1, shaggy fur 1
a: Bend Time, Temporal Distortion, Slouch, Step From Time, Renounce Religion,
Evoke Blink
}: 7/15 runes: decaying, serpentine, slimy, silver, iron, icy, abyssal


You were on level 7 of Gehenna.
You worshipped Cheibriados.
Cheibriados was exalted by your worship.
You were very full.

You visited 14 branches of the dungeon, and saw 79 of its levels.
You visited the Abyss 2 times.
You also visited: Labyrinth, Trove, Ossuary, Ice Cave and Volcano.

You collected 10591 gold pieces.
You spent 2191 gold pieces at shops.

Inventory:

Hand weapons
 a - the +13 sword of the Doom Knight (weapon) {pain, -Cast MR+}
   (You took it off a skeletal warrior on level 3 of the Crypt)

   In the hands of one skilled in necromantic magic, it inflicts extra damage on
   living creatures.
   It affects your resistance to hostile enchantments.
   It prevents spellcasting.
 q - a +9 longbow of evasion
Missiles
 v - 53 arrows
 I - 146 arrows of flame
 J - 126 arrows of frost
 T - 113 poisoned arrows
 W - 93 arrows of dispersal
Armour
 n - the +0 pair of gloves of Death Resistance (worn) {Regen+}
   (You acquired it on level 15 of the Dungeon)

   It increases your rate of regeneration.
 D - a +2 helmet of fire resistance (worn)
 K - the +9 armour of the Dragon King (worn) {rPois rF+ rC+ MR+}
   (You took it off a skeletal warrior on level 3 of the Crypt)

   It protects you from fire.
   It protects you from cold.
   It protects you from poison.
   It affects your resistance to hostile enchantments.
 R - a +2 cloak of magic resistance (worn)
 Y - the +2 pair of boots of the Comet (worn) {rElec}
   (You acquired it on level 3 of the Snake Pit)

   It insulates you from electricity.
Rods
 O - a +5 rod of inaccuracy (14/14)
   (You found it on level 5 of the Vaults)
Jewellery
 b - the ring of Ythreh {MR+ Str+6 Dex+3 Stlth+}
   (You found it on level 6 of the Pits of Slime)

   [ring of strength]

   It affects your strength (+6).
   It affects your dexterity (+3).
   It affects your resistance to hostile enchantments.
   It makes you more stealthy.
 f - the ring "Ydwiyvoz" (left hand) {+Blink rC+ Str+4 Int+3 Slay+5}
   (You found it in a labyrinth)

   [ring of intelligence]

   It affects your strength (+4).
   It affects your intelligence (+3).
   It affects your accuracy and damage with ranged weapons and melee attacks
   (+5).
   It protects you from cold.
   It lets you blink.
 i - the amulet of the Jolly Songs {rF++ rN++ Regen+ Stlth-}
   (You found it on level 6 of the Pits of Slime)

   [amulet of regeneration]

   It greatly protects you from fire.
   It greatly protects you from negative energy.
   It increases your rate of regeneration.
   It makes you less stealthy.
 l - the cursed ring of Darkness {+Inv rN+}
   (You found it on level 3 of the Crypt)

   [ring of positive energy]

   It protects you from negative energy.
   It lets you turn invisible.
   It has a curse placed upon it.
 y - the ring of Accord (right hand) {rElec rF+ rC+++ rN+ Str-4}
   (You found it on level 3 of the Crypt)

   [ring of positive energy]

   It affects your strength (-4).
   It protects you from fire.
   It renders you almost immune to cold.
   It insulates you from electricity.
   It protects you from negative energy.
 E - an amulet of resist mutation (around neck)
 H - the amulet "Nyatrekk" {Regen+ Str+5}
   (You acquired it on level 4 of the Orcish Mines)

   [amulet of regeneration]

   It affects your strength (+5).
   It increases your rate of regeneration.
Magical devices
 w - a wand of paralysis (24)
 x - a wand of digging (19)
 N - a wand of confusion (47)
Scrolls
 c - 4 scrolls of summoning
 k - 6 scrolls of fear
 o - 26 scrolls of remove curse
 p - 4 scrolls of blinking
 r - 6 scrolls of identify
 u - 9 scrolls of teleportation
 A - a scroll of enchant weapon
 Q - 5 scrolls of magic mapping
 U - 3 scrolls of fog
 X - 3 scrolls of holy word
Potions
 d - 4 potions of might
 g - 2 potions of flight
 h - 5 potions of agility
 m - 7 potions of brilliance
 s - 5 potions of magic
 t - 12 potions of curing
 F - 2 potions of cure mutation
 L - 3 potions of invisibility
 S - a potion of cancellation
 V - 7 potions of resistance
Miscellaneous
 j - the horn of Geryon
 z - a legendary deck of summoning {the Elements}
 B - a legendary deck of defence {drawn: 1}
 C - a disc of storms
Comestibles
 e - 19 bread rations


   Skills:
 O Level 27 Fighting
 + Level 20.0 Long Blades
 O Level 27 Bows
 + Level 23.5 Armour
 O Level 27 Dodging
   Level 8.1 Shields
 + Level 16.5 Spellcasting
 - Level 6.7 Conjurations
 - Level 3.0 Hexes
 - Level 9.2 Charms
 - Level 8.4 Translocations
 - Level 5.3 Fire Magic
 - Level 10.1 Ice Magic
 - Level 1.3 Earth Magic
 - Level 4.6 Poison Magic
 + Level 13.3 Invocations
 + Level 14.6 Evocations


You had 15 spell levels left.
You knew the following spells:

 Your Spells              Type           Power        Failure   Level  Hunger
a - Cure Poison           Pois           ######....   2%          2    None
b - Repel Missiles        Chrm/Air       ######       2%          2    None
c - Blink                 Tloc           N/A          1%          2    None
d - Shroud of Golubria    Chrm/Tloc      ######....   1%          2    None
e - Song of Slaying       Chrm           ######..     1%          2    None
f - Conjure Flame         Conj/Fire      ######..     2%          3    None
g - Apportation           Tloc           ######....   1%          1    None
h - Corona                Hex            #####..      3%          1    None
i - Passwall              Trmt/Erth      ####......   30%         3    None
j - Confuse               Hex            #####...     12%         3    None
k - Gell's Gravitas       Hex/Tloc       ######....   3%          3    None
l - Teleport Other        Tloc           ######..     1%          3    None
m - Condensation Shield   Ice            ######....   1%          4    None
n - Regeneration          Chrm/Necr      ######....   6%          3    None
o - Excruciating Wounds   Chrm/Necr      ######....   54%         5    None
p - Infusion              Chrm           ######       1%          1    None
q - Summon Butterflies    Summ           ####....     12%         1    None
r - Spectral Weapon       Hex/Chrm       ######..     2%          3    None


Dungeon Overview and Level Annotations

Branches:
Dungeon (15/15)            Temple (0/1) D:4            Lair (8/8) D:11
  Swamp (4/4) Lair:5        Snake (4/4) Lair:5        Slime (6/6) Lair:8
    Orc (4/4) D:9             Elf (3/3) Orc:4        Vaults (5/5) D:13
  Crypt (3/3) Vaults:2       Tomb (0/3) Crypt:3      Depths (5/5) D:15
   Hell (1/1)                 Dis (7/7) Hell            Geh (7/7) Hell
    Coc (7/7) Hell            Tar (0/7) Hell            Zot (0/5) Depths:5

Altars:
Ashenzari
Cheibriados
Dithmenos
Elyvilon
Fedhas
Gozag
Kikubaaqudgha
Makhleb
Nemelex Xobeh
Okawaru
Ru
Sif Muna
Yredelemnul
Zin
The Shining One
Beogh
Jiyva
Lugonu

Shops:
D:12 }   Orc:4 [}*?   Elf:2 ![   Vaults:1 :   Vaults:2 %

Portals:
Hell: Depths:1 Depths:2 Depths:3 Depths:4 Depths:5
Abyss: Depths:4 Depths:5
Pandemonium: Depths:1 Depths:2 Depths:3
Ziggurat: Depths:2

Annotations:
Geh:7 Asmodeus


Innate Abilities, Weirdness & Mutations

Your body sometimes deteriorates upon taking damage.
You are covered in fur (AC +1).


Message History

* * * LOW HITPOINT WARNING * * *
The Brimstone Fiend calls on the powers of darkness!
The necromancer convulses!
The hell knight convulses!
Your body is wracked with pain!
* * * LOW HITPOINT WARNING * * *
The Brimstone Fiend gestures at you.
The hellfire explodes!
The blast of hellfire engulfs you!
* * * LOW HITPOINT WARNING * * *
The blast of hellfire engulfs the Brimstone Fiend.
The Brimstone Fiend completely resists.
Something shouts, "I shall devour thy head!"
Use which ability?
You step out of the flow of time.
You return to the normal time flow.
You feel somewhat less full.
Asmodeus, Prince of Gehenna comes into view.
He is wielding a ruby sceptre.
Asmodeus shouts, "Slither hence, thou dissembling clay-brained deadneck!"
The lich shouts!
The hell knight shouts!
The Brimstone Fiend roars!
The lich gestures at you while chanting.
The bolt of acid hits you!
You die...

≈≈≈≈≈≈≈§≈≈≈≈≈≈.§..........§§§§§≈≈
≈≈≈≈≈≈≈§§≈≈≈≈≈.##########.≈§§§§≈≈
,≈≈≈≈≈≈≈≈≈≈≈§..*********#.§.≈§≈≈§
≈≈≈≈≈≈≈≈≈≈≈≈,,,**,,,,,,*#..§.≈≈≈§
≈≈≈≈≈≈≈≈≈≈≈≈,,,**,,,,,,*#....≈≈≈≈
≈≈≈≈≈≈≈≈≈≈≈≈≈,,**,,,,,,*#...≈§§≈≈
≈≈≈≈≈≈≈≈≈≈≈,,,********+**##..§§≈≈
≈≈≈≈≈≈≈≈≈≈,,,,*#######§#***,,≈≈≈≈
≈≈≈≈≈≈≈,,,,,,,*#@....§&§,**,,,.≈≈
≈≈≈≈≈≈,,,,,,,*##.Z...§§§,**,,,...
≈≈≈≈,,,,,,,,,*#....p....,**,,,,,.
≈≈≈,,,*******##'##############,,.
≈,,,,,*,,,,,,#1LpLpp.........#,≈≈
≈,,,,,*,,,,,,#)#############'#,≈≈
≈≈,,,,*,,,,,,#.#.............#,,≈
≈,,,,,*,,,,,,'.#.............#,,,
,,,,,,******##'#)............#,,,


You could see Asmodeus, a Brimstone Fiend, a lich, a hell knight and an ettin
skeleton.

Vanquished Creatures
  Antaeus (Coc:7)
  the royal jelly (Slime:6)
  Dissolution (Slime:4)
  the Serpent of Hell (Geh:7)
  Dispater (Dis:7)
  3 ancient liches
  Mara (Snake:4)
  2 juggernauts
  16 shard shrikes
  the Lernaean hydra (Swamp:4)
  The ghost of Grim the Axe Maniac, a great MiBe of Trog (Vaults:5)
  Margery (Depths:4)
  Norris (Depths:1)
  Saint Roka (Snake:4)
  Vashnia (Snake:4)
  4 caustic shrikes (Depths:4)
  Geryon (Hell)
  4 golden dragons
  Nikola (Vaults:2)
  A profane servitor (Depths:1)
  the Enchantress (Depths:1)
  6 bone dragons
  26 Brimstone Fiends
  14 liches
  A hellephant (Hell)
  A shard shrike skeleton (Crypt:3)
  6 tentacled monstrosities
  14 Hell Sentinels
  20 Ice Fiends
  15 titans
  5 deep elf blademasters
  22 acid blobs
  3 quicksilver dragons
  8 deep elf master archers
  2 sphinxes (Depths:4)
  2 Executioners
  10 ancient champions
  An octopode crusher (Depths:1)
  6 eldritch tentacles
  A kraken (Abyss:3)
  Agnes (Snake:3)
  8 tentacled starspawn
  Frances (Vaults:4)
  8 storm dragons
  2 thorn hunters
  7 greater nagas
  3 shadow dragons
  27 frost giants
  2 revenants
  12 tengu reavers
  Wiglaf (Vaults:1)
  22 fire giants
  5 orc warlords
  Donald (Vaults:2)
  19 azure jellies
  Maud (Depths:2)
  14 balrugs
  16 iron dragons
  Aizul (Snake:1)
  2 draconian knights (Depths:5)
  7 cacodemons
  6 deep elf sorcerers
  2 curse skulls
  16 vault wardens
  2 draconian shifters
  19 very ugly things
  4 ghouls
  A draconian annihilator (Abyss:1)
  8 spriggan defenders
  12 ironheart preservers
  21 war gargoyles
  2 elemental wellsprings
  63 reapers
  2 lorocyprocas
  9 salamander firebrands
  7 vampire knights
  Nessos (Volcano)
  2 white draconians (Depths:5)
  The ghost of Hawklord the Stickfighter, a powerful MiCK of Xom (Orc:4)
  7 deep elf demonologists
  A black draconian (Depths:5)
  A green draconian (Elf:3)
  2 salamander stormcallers
  32 stone giants
  A dire elephant (Abyss:1)
  10 deep elf annihilators
  A purple draconian (Depths:5)
  The ghost of demonpo the Cleaver, a powerful HOBe of Trog (Elf:1)
  7 eidola
  16 blizzard demons
  10 deep elf death magi
  21 ettins
  8 death oozes
  2 pearl dragon zombies (Depths:1)
  2 minotaurs
  36 vault guards
  2 merfolk impalers (Elf:3)
  2 green deaths
  4 quicksilver dragon zombies
  9 entropy weavers
  Josephine (Orc:4)
  8 fire dragons
  14 ogre magi
  28 yaktaur captains
  5 deep elf high priests
  9 jiangshi
  2 kraken zombies
  Fannar (Orc:1)
  14 great orbs of eyes
  27 ice dragons
  A ghost crab (shapeshifter) (Depths:4)
  6 rakshasas
  21 naga warriors
  8 spriggan air magi
  34 hydras
  Erolcha (D:12)
  5 ghost crabs
  3 hell beasts
  17 anacondas
  6 centaur warriors
  7 quicksilver dragon skeletons
  Erica (D:9)
  An alligator snapping turtle (shapeshifter) (Vaults:4)
  19 dancing weapons
  8 deep troll shamans
  10 vampire magi
  8 alligators
  5 death knights
  8 shock serpents
  8 tengu warriors
  6 death yaks
  7 spriggan berserkers
  5 thrashing horrors (Abyss:3)
  7 titan zombies
  56 hell knights
  9 orc high priests
  16 naga sharpshooters
  22 deep elf knights
  41 hell hogs
  6 storm dragon zombies
  13 deep troll earth magi
  9 titan skeletons
  15 sun demons
  17 small abominations
  11 iron golems
  9 soul eaters
  10 wretched stars
  4 ghost moth zombies
  41 ice devils
  12 iron trolls
  152 skeletal warriors
  4 fire crabs
  2 salamander mystics
  2 spatial maelstroms
  A spriggan druid (Swamp:4)
  34 deep trolls
  9 storm dragon skeletons
  A fire crab (shapeshifter) (Depths:3)
  6 shadow wraiths
  3 unseen horrors
  5 giant orange brains
  19 large abominations
  A shambling mangrove (Swamp:3)
  12 swamp dragons
  4 spectral anacondas (Depths:2)
  A death drake (shapeshifter) (Depths:1)
  9 golden dragon zombies
  A kraken simulacrum (Coc:4)
  15 anaconda zombies
  2 shadow demons
  67 starcursed masses
  4 deep elf summoners
  5 ice statues
  2 orb spiders (shapeshifter)
  15 phantasmal warriors
  9 naga ritualists
  The ghost of Yendor the Thrower, an experienced MiHu of Makhleb (D:5)
  7 wolf spiders
  9 shadow dragon zombies
  6 iron dragon zombies
  20 ironbrand convokers
  27 hill giants
  6 wolf spider zombies
  8 harpies
  10 flayed ghosts
  5 anaconda skeletons
  2 anubis guards (shapeshifter)
  16 orc knights
  5 golden dragon skeletons
  4 wizards
  15 deep elf conjurers
  13 mana vipers
  17 necromancers
  6 cyclopes
  A hill giant (shapeshifter) (Vaults:2)
  6 griffons
  14 fire giant zombies
  15 frost giant zombies
  17 stone giant zombies
  7 shadow dragon skeletons
  4 worldbinders
  46 ugly things
  22 salamanders
  2 sixfirhies
  A manticore (shapeshifter) (Vaults:3)
  A hornet (shapeshifter) (Vaults:5)
  9 elephants
  34 black mambas
  7 iron dragon skeletons
  7 orc sorcerers
  2 black mambas (shapeshifter)
  49 rust devils
  9 frost giant skeletons
  5 dire elephant zombies
  4 apis skeletons (Depths:1)
  2 manticores (D:12)
  11 shining eyes
  19 vault sentinels
  8 stone giant skeletons
  24 naga magi
  3 apocalypse crabs (Abyss:3)
  11 fire giant skeletons
  19 guardian serpents
  3 hornets
  2 shock serpent zombies
  An octopode (shapeshifter) (Vaults:4)
  6 orange demons
  A torpor snail (Lair:4)
  A torpor snail (shapeshifter) (Depths:3)
  14 smoke demons
  2 orange crystal statues (Depths:2)
  10 molten gargoyles (Geh:7)
  33 hellions
  2 titan simulacra
  2 spiny frogs (shapeshifter) (Depths:1)
  4 efreet
  7 dire elephant skeletons
  3 catoblepas zombies
  6 eyes of devastation
  3 fire drakes
  8 komodo dragons
  A komodo dragon (shapeshifter) (Vaults:3)
  6 emperor scorpion zombies
  3 kobold demonologists
  26 spiny frogs
  2 jumping spiders
  A white draconian skeleton (Crypt:2)
  7 ancient zymes (Abyss:3)
  41 tormentors
  A minotaur zombie (Lab)
  2 demonic crawlers
  A black draconian skeleton (Coc:4)
  2 silent spectres
  3 catoblepas skeletons
  35 blue devils
  8 merfolk (Elf:3)
  27 red devils
  A mottled draconian skeleton (Crypt:2)
  6 harpy zombies
  4 spectral merfolk (Depths:2)
  12 deep elf priests
  78 yaktaurs
  A troll (shapeshifter) (Vaults:1)
  8 polar bears
  A polar bear (shapeshifter) (Abyss:3)
  42 freezing wraiths
  27 hydra zombies
  9 trolls
  2 anaconda simulacra (IceCv)
  3 giant leeches
  A death drake zombie (Crypt:3)
  A queen bee (shapeshifter) (Abyss:3)
  8 tengu conjurers
  7 fire dragon zombies
  121 slime creatures
  2 spriggan zombies
  A boulder beetle (shapeshifter) (Depths:3)
  10 hydra skeletons
  A boulder beetle (Vaults:3)
  2 harpy skeletons
  21 bog bodies
  12 raiju
  12 ettin zombies
  A trapdoor spider zombie (Crypt:1)
  8 ice dragon zombies
  A snapping turtle (shapeshifter) (Depths:4)
  34 two-headed ogres
  24 blink frogs
  8 alligator zombies
  2 frost giant simulacra
  2 trapdoor spiders
  22 water elementals
  A spriggan (shapeshifter) (Depths:3)
  2 fire dragon skeletons
  8 ice dragon skeletons
  26 redbacks
  98 flying skulls
  30 shadows
  54 wraiths
  6 ettin skeletons
  3 black mamba zombies
  3 dire elephant simulacra
  15 spriggans
  2 fire giant simulacra
  31 deep elf magi
  5 tarantellas
  10 air elementals
  A fire bat (shapeshifter) (Depths:4)
  25 fire elementals
  3 wyverns
  4 ynoxinuls (Abyss:3)
  2 black mamba skeletons
  4 alligator skeletons
  56 yaks
  20 vampires
  A basilisk (shapeshifter) (Depths:5)
  12 hungry ghosts
  Grum (D:9)
  2 basilisks
  28 deep elf fighters
  An emperor scorpion simulacrum (Coc:2)
  9 golden eyes
  26 vampire mosquitoes
  7 chaos spawn
  4 fire bats
  A hippogriff (shapeshifter) (Vaults:5)
  22 wolves
  15 hippogriffs
  22 wargs
  Edmund (D:5)
  15 insubstantial wisps
  57 nagas
  20 swamp worms
  16 water moccasins
  A warg (shapeshifter) (Vaults:2)
  2 harpy simulacra (IceCv)
  4 mottled dragons
  14 spiny frog zombies
  A merfolk zombie (Dis:7)
  8 neqoxecs
  57 hell hounds
  3 soldier ants (shapeshifter)
  15 porcupines
  3 spectral spriggans (Depths:2)
  14 swamp drakes
  2 merfolk skeletons
  2 sky beasts
  8 spiny frog skeletons
  A gelid demonspawn skeleton (Crypt:3)
  5 hydra simulacra
  5 spectral trolls (Depths:2)
  4 spiders (Lair:8)
  A black bear (shapeshifter) (Depths:3)
  15 eyes of draining
  4 swamp dragon zombies
  15 necrophages
  A spider (shapeshifter) (Depths:3)
  An ettin simulacrum (IceCv)
  3 manticore zombies
  70 ogres
  2 snapping turtle zombies
  16 wasps
  8 phantoms
  A black bear (D:11)
  An elf simulacrum (Depths:3)
  88 orc warriors
  17 boggarts
  A manticore skeleton (Geh:7)
  An alligator simulacrum (Hell)
  15 ice beasts
  29 crocodiles
  2 snapping turtle skeletons (Coc:1)
  A swamp dragon skeleton (Coc:2)
  5 big kobolds
  14 centaurs
  A dryad zombie (Crypt:3)
  A hog skeleton (Crypt:1)
  A brain worm (Abyss:3)
  A wyvern zombie (D:14)
  2 spiny frog simulacra
  A salamander zombie (Crypt:1)
  A draconian skeleton (Crypt:2)
  3 wyvern skeletons
  3 elf skeletons
  25 giant frogs
  5 scorpions
  A vine stalker skeleton (Crypt:3)
  A water moccasin skeleton (D:4)
  A yak zombie (Crypt:3)
  10 killer bees
  2 spectral nagas (Depths:2)
  3 troll skeletons
  67 wights
  4 electric eels
  3 spectral centaurs (Depths:2)
  15 crimson imps
  33 jellies
  7 human zombies
  2 giant frog zombies
  6 centaur zombies
  41 iron imps
  13 centaur skeletons
  A soldier ant zombie (Crypt:2)
  45 orc priests
  50 orc wizards
  4 hounds
  2 human skeletons
  A quasit (Abyss:3)
  A spriggan simulacrum (Depths:2)
  13 iguanas
  A black bear skeleton (Crypt:1)
  17 worker ants
  10 sheep
  An ogre zombie (Crypt:3)
  A killer bee zombie (D:9)
  A naga zombie (Geh:3)
  A big kobold zombie (Ossuary)
  A tengu skeleton (Geh:3)
  An ogre skeleton (Geh:2)
  A hound skeleton (D:8)
  10 mummies
  A worker ant zombie (D:11)
  19 adders
  9 gnolls
  38 river rats
  2 shadow imps
  24 white imps
  2 giant eyeballs
  An ufetubus (Abyss:3)
  An ooze (D:3)
  An adder zombie (Ossuary)
  An iguana zombie (Crypt:2)
  3 worms (D:2)
  A worm (shapeshifter) (Depths:3)
  An adder skeleton (D:4)
  16 giant geckos
  381 orcs
  3 ball pythons
  6 bats
  5 giant cockroaches
  10 hobgoblins
  24 kobolds
  7 quokkas
  A ball python zombie (Crypt:1)
  A giant gecko zombie (D:8)
  17 giant newts
  12 goblins
  12 hobgoblin zombies (Ossuary)
  10 jackals
  A jackal skeleton (D:5)
  A jackal zombie (Ossuary)
  2 kobold skeletons (Crypt:3)
  9 kobold zombies
  An orc skeleton (Geh:6)
  9 orc zombies
  A quokka skeleton (D:4)
  8 rats
  2 rat zombies (Ossuary)
  A briar patch (Swamp:1)
  A crawling corpse (Vaults:4)
  An eldritch tentacle segment (Dis:3)
  A fire vortex (Geh:6)
  7 fungi
  3 lost souls
  A lurking horror (Abyss:3)
  10 plants
  8 starspawn tentacles (Abyss:3)
  11 tentacles
5244 creatures vanquished.

Vanquished Creatures (others)
  A tengu reaver (Depths:4)
  3 eldritch tentacles
  A fire giant (Elf:3)
  A frost giant (Elf:3)
  A deep elf sorcerer (Elf:3)
  An elemental wellspring (Coc:1)
  A vampire knight (Vaults:4)
  The ghost of Gargoyl the Protected, a powerful DsAK of Lugonu (Orc:4)
  A vault guard (Vaults:2)
  A great orb of eyes (Vaults:2)
  An ogre mage (Depths:3)
  An alligator (Swamp:1)
  A titan skeleton (Geh:1)
  A shadow wraith (Depths:2)
  A giant orange brain (Abyss:3)
  3 necromancers
  An ironbrand convoker (Vaults:2)
  A wizard (D:9)
  3 orc sorcerers (Orc:4)
  A frost giant skeleton (Geh:4)
  3 cyclopes
  A black mamba (Lair:8)
  A guardian serpent (Snake:4)
  A hydra zombie (Geh:3)
  A bog body (Coc:7)
  A two-headed ogre (Orc:4)
  A spriggan (Swamp:3)
  A wraith (Orc:4)
  A fire dragon skeleton (Coc:2)
  2 flying skulls
  A yak (Lair:8)
  2 swamp worms
  A warg (Orc:3)
  2 hell hounds
  A water moccasin (Lair:8)
  6 orc warriors (Orc:4)
  A swamp drake (Swamp:4)
  3 ogres
  A boggart (D:15)
  A spriggan zombie (Geh:3)
  A wight (Geh:5)
  An orc priest (Orc:2)
  An iron imp (Dis:7)
  A small abomination (Abyss:3)
  An ogre skeleton (Geh:3)
  A giant gecko (D:4)
  5 orcs
  A bush (Swamp:4)
  373 eldritch tentacle segments
  30 fungi
  9 lost souls
  A lurking horror (Abyss:3)
  28 plants
  15 starspawn tentacles
  213 starspawn tentacle segments
  15 tentacles
  869 tentacle segments
1623 creatures vanquished.

Grand Total: 6867 creatures vanquished

Notes
Turn   | Place    | Note
--------------------------------------------------------------
     0 | D:1      | Thronen the High Elf Fighter began the quest for the Orb.
     0 | D:1      | Reached XP level 1. HP: 16/16 MP: 2/2
   130 | D:1      | Reached XP level 2. HP: 17/21 MP: 3/3
   446 | D:1      | Reached skill level 1 in Dodging
   733 | D:2      | Reached XP level 3. HP: 14/26 MP: 4/4
   901 | D:2      | Found a faded altar to an unknown god.
  1255 | D:2      | Found an iron altar of Okawaru.
  1269 | D:2      | Became a worshipper of Warmaster Okawaru
  1349 | D:2      | Reached XP level 4. HP: 18/32 MP: 5/5
  1573 | D:2      | Reached skill level 4 in Long Blades
  1740 | D:2      | Found a blossoming altar of Fedhas.
  1973 | D:3      | Reached skill level 1 in Invocations
  2056 | D:3      | Reached XP level 5. HP: 30/37 MP: 6/6
  3057 | D:4      | Found a staircase to the Ecumenical Temple.
  3140 | D:4      | Found a deep blue altar of Sif Muna.
  3204 | D:4      | Found a sand-covered staircase.
  3215 | Ossuary  | Entered an ossuary
  3399 | Ossuary  | Acquired Okawaru's first power
  3399 | Ossuary  | Reached XP level 6. HP: 31/44 MP: 8/8
  3413 | Ossuary  | Reached skill level 5 in Long Blades
  4308 | D:4      | Noticed a phantom
  4371 | D:4      | Killed a phantom
  4371 | D:4      | Reached skill level 5 in Fighting
  4371 | D:4      | Reached XP level 7. HP: 25/50 MP: 9/9
  5031 | D:4      | Found an ancient bone altar of Kikubaaqudgha.
  5378 | D:4      | HP: 2/50 [orc priest/divine providence (15)]
  5381 | D:4      | Reached skill level 6 in Long Blades
  5707 | D:4      | Found a sacrificial altar of Ru.
  5720 | D:5      | Entered Level 5 of the Dungeon
  5720 | D:5      | Noticed Edmund
  5733 | D:5      | Killed Edmund
  5733 | D:5      | Reached skill level 5 in Dodging
  5870 | D:5      | Noticed Yendor's ghost (experienced MiHu)
  5880 | D:5      | Killed Yendor's ghost
  5880 | D:5      | Reached skill level 7 in Long Blades
  5880 | D:5      | Reached XP level 8. HP: 55/57 MP: 7/10
  6075 | D:5      | Found a glowing silver altar of Zin.
  6312 | D:5      | Found a snail-covered altar of Cheibriados.
  6933 | D:7      | Reached skill level 8 in Long Blades
  7267 | D:7      | Found a white marble altar of Elyvilon.
  7279 | D:7      | Found a sparkling altar of Nemelex Xobeh.
  7292 | D:7      | Found a shadowy altar of Dithmenos.
  7340 | D:7      | Reached XP level 9. HP: 63/63 MP: 11/11
  7345 | D:7      | Found a basalt altar of Yredelemnul.
  8631 | D:8      | Found a burning altar of Makhleb.
  8742 | D:8      | Found an opulent altar of Gozag.
  8773 | D:8      | Reached skill level 5 in Armour
  8773 | D:8      | Reached skill level 5 in Shields
  8942 | D:9      | Noticed Grum
  8978 | D:8      | Reached skill level 9 in Long Blades
  9251 | D:9      | Killed Grum
  9339 | D:9      | Got a jet-encrusted ring mail
  9351 | D:9      | Identified the +2 ring mail of the Burgomaster {rElec Regen+ Int+3} (You found it on level 9 of the Dungeon)
  9356 | D:9      | Noticed Erica
  9381 | D:9      | Killed Erica
  9381 | D:9      | Reached XP level 10. HP: 57/72 MP: 12/12
  9494 | D:9      | Acquired Okawaru's second power
  9541 | D:9      | Found a shattered altar of Ashenzari.
  9790 | D:9      | Noticed a wizard
  9805 | D:9      | Killed a wizard
  9805 | D:9      | Reached skill level 10 in Long Blades
 10069 | D:9      | Found a roughly hewn altar of Beogh.
 10111 | D:9      | Found a staircase to the Orcish Mines.
 10347 | D:10     | Entered Level 10 of the Dungeon
 10478 | D:10     | Noticed a tengu warrior
 10492 | D:10     | Killed a tengu warrior
 10623 | D:10     | Noticed a hill giant
 10625 | D:10     | Reached skill level 1 in Bows
 10636 | D:10     | Killed a hill giant
 10636 | D:10     | Received a gift from Okawaru
 10636 | D:10     | Reached XP level 11. HP: 72/80 MP: 6/13
 10719 | D:10     | Noticed a hill giant
 10726 | D:10     | Killed a hill giant
 10726 | D:10     | Reached skill level 5 in Bows
 10739 | D:10     | Noticed a wizard
 10756 | D:10     | Killed a wizard
 10879 | D:10     | Noticed a hill giant
 10889 | D:10     | Killed a hill giant
 10992 | D:10     | Noticed a hill giant
 11004 | D:10     | Killed a hill giant
 11309 | D:11     | Noticed a four-headed hydra
 11475 | D:11     | Noticed an eight-headed hydra
 11548 | D:11     | Found a glowing golden altar of the Shining One.
 11577 | D:11     | Noticed a hill giant
 11589 | D:11     | Killed a hill giant
 11589 | D:11     | Reached skill level 10 in Bows
 12038 | D:11     | Reached skill level 11 in Bows
 12088 | D:11     | Noticed a hill giant
 12104 | D:11     | Killed a hill giant
 12221 | D:11     | Killed an eight-headed hydra
 12221 | D:11     | Reached skill level 12 in Bows
 12434 | D:11     | Killed a four-headed hydra
 12434 | D:11     | Reached XP level 12. HP: 37/86 MP: 12/14
 12469 | D:11     | Noticed an unseen horror
 12489 | D:11     | Killed an unseen horror
 12489 | D:11     | Received a gift from Okawaru
 12489 | D:11     | Reached skill level 13 in Bows
 12547 | D:11     | Found a staircase to the Lair.
 12736 | Lair:1   | Entered Level 1 of the Lair of Beasts
 12737 | Lair:1   | Noticed a five-headed hydra
 12846 | Orc:1    | Entered Level 1 of the Orcish Mines
 12852 | Orc:1    | Noticed Fannar
 13135 | Orc:1    | Received a gift from Okawaru
 13141 | Orc:1    | HP: 1/86 [ice beast[Fannar] (6)]
 13342 | Orc:1    | Killed Fannar
 13739 | Orc:2    | Reached skill level 14 in Bows
 13920 | Orc:2    | Found a dark tunnel.
 13931 | Volcano  | Entered a volcano
 13961 | Volcano  | Noticed Nessos
 13988 | Volcano  | Killed Nessos
 13988 | Volcano  | Received a gift from Okawaru
 14543 | Orc:2    | Reached skill level 5 in Invocations
 14590 | Orc:2    | Found a roughly hewn altar of Beogh.
 15153 | D:11     | Killed a five-headed hydra
 15153 | D:11     | Reached skill level 15 in Bows
 15415 | Lair:1   | Noticed a six-headed hydra
 15422 | Lair:1   | Killed a six-headed hydra
 15825 | Lair:1   | Noticed a four-headed hydra
 15842 | Lair:1   | Killed a two-headed hydra
 15842 | Lair:1   | Reached skill level 16 in Bows
 16258 | Lair:2   | Noticed a five-headed hydra
 16407 | Lair:1   | Killed a five-headed hydra
 16407 | Lair:1   | Received a gift from Okawaru
 16407 | Lair:1   | Reached XP level 13. HP: 76/90 MP: 15/18
 16497 | Lair:2   | Noticed a four-headed hydra
 16504 | Lair:2   | Killed a four-headed hydra
 17171 | Lair:3   | Received a gift from Okawaru
 17324 | Lair:3   | Reached skill level 10 in Fighting
 17885 | Lair:3   | Reached skill level 17 in Bows
 18546 | Lair:4   | Received a gift from Okawaru
 19103 | Lair:4   | Received a gift from Okawaru
 19231 | Lair:5   | Found a staircase to the Snake Pit.
 19320 | Lair:5   | Found a labyrinth entrance.
 19391 | Lab      | Entered a labyrinth
 19550 | Lab      | Got a clouded amber ring
 19552 | Lab      | Identified the ring "Ydwiyvoz" {+Blink rC+ Str+4 Int+3 Slay+5} (You found it in a labyrinth)
 19867 | Lair:5   | Received a gift from Okawaru
 19966 | Lair:5   | Reached skill level 18 in Bows
 19972 | Lair:5   | Reached XP level 14. HP: 101/101 MP: 19/19
 20396 | Lair:5   | Found a staircase to the Swamp.
 21242 | Lair:6   | Received a gift from Okawaru
 21700 | Lair:6   | Reached skill level 10 in Dodging
 21875 | Lair:7   | Got a translucent rapier
 21877 | Lair:7   | Identified the +6 rapier of the Hummingbird {pierce, Int+4} (You found it on level 7 of the Lair of Beasts)
 22719 | Lair:8   | Entered Level 8 of the Lair of Beasts
 22767 | Lair:7   | Received a gift from Okawaru
 23122 | Lair:8   | Received a gift from Okawaru
 23178 | Lair:8   | Found a runed door.
 23201 | Lair:8   | Received a gift from Okawaru
 23210 | Lair:8   | Got a smoking long sword {god gift}
 23211 | Lair:8   | Identified the +11 long sword "Muhinlat" {distort, rElec} (Okawaru gifted it to you on level 8 of the Lair of Beasts)
 23229 | Lair:8   | Found a viscous altar of Jiyva.
 23231 | Lair:8   | Noticed an acid blob
 23241 | Lair:8   | Found a staircase to the Slime Pits.
 25089 | Orc:3    | Reached XP level 15. HP: 109/109 MP: 20/20
 25194 | Orc:3    | Received a gift from Okawaru
 25206 | Orc:3    | Noticed a fire giant
 25221 | Orc:3    | Killed a fire giant
 25847 | Orc:4    | Entered Level 4 of the Orcish Mines
 25947 | Orc:4    | Noticed Hawklord's ghost (powerful MiCK)
 26113 | Orc:4    | Noticed Gargoyl's ghost (powerful DsAK)
 26119 | Orc:4    | Banished Gargoyl's ghost
 26258 | Orc:4    | Found a roughly hewn altar of Beogh.
 26391 | Orc:4    | Found Katobuf's Armour Emporium.
 26396 | Orc:4    | Bought the +5 ring mail of Indecent Exposure {-Cast rF+ rC++ Str+4} for 680 gold pieces
 26396 | Orc:4    | Bought the +6 scale mail of Disguise {+Blink MP+9} for 528 gold pieces
 26412 | Orc:4    | Found Oquurah's Gadget Shoppe.
 26505 | Orc:4    | Noticed Josephine
 26508 | Orc:4    | Killed Josephine
 26928 | Orc:4    | Received a gift from Okawaru
 27227 | Orc:4    | Reached skill level 1 in Evocations
 27249 | Orc:4    | Received a gift from Okawaru
 27266 | Orc:4    | Found Viar's General Store.
 27305 | Orc:4    | Found a roughly hewn altar of Beogh.
 27346 | Orc:4    | Found Exen's Magic Scroll Shoppe.
 27432 | Orc:4    | Bought a scroll of acquirement for 728 gold pieces
 27439 | Orc:4    | Got a transparent tin amulet
 27441 | Orc:4    | Identified the amulet "Nyatrekk" {Regen+ Str+5} (You acquired it on level 4 of the Orcish Mines)
 27579 | Orc:4    | Received a gift from Okawaru
 27945 | Orc:4    | Found a staircase to the Elven Halls.
 28492 | D:12     | Found Sojeunk's Gadget Emporium.
 29094 | D:12     | Noticed Erolcha
 29097 | D:12     | Killed Erolcha
 29701 | D:13     | Found a gate to the Vaults.
 30851 | D:14     | Reached XP level 16. HP: 100/117 MP: 21/21
 31659 | D:14     | Found a sparkling altar of Nemelex Xobeh.
 31803 | D:15     | Entered Level 15 of the Dungeon
 31903 | D:15     | Found a staircase to the Depths.
 32065 | D:15     | Got a pair of fine gloves
 32066 | D:15     | Identified the +0 pair of gloves of Death Resistance {Regen+} (You acquired it on level 15 of the Dungeon)
 32082 | D:15     | Received a gift from Okawaru
 32156 | D:15     | Reached skill level 5 in Evocations
 32994 | Lair:1   | Learned a level 2 spell: Cure Poison
 33096 | Swamp:1  | Entered Level 1 of the Swamp
 33175 | Swamp:1  | Reached skill level 1 in Spellcasting
 34827 | Swamp:3  | Found a frozen archway.
 34838 | Swamp:3  | Reached skill level 1 in Poison Magic
 34862 | IceCv    | Entered an ice cave
 35031 | IceCv    | Received a gift from Okawaru
 35228 | IceCv    | Reached XP level 17. HP: 125/125 MP: 24/24
 35268 | IceCv    | Noticed an Ice Fiend
 35279 | IceCv    | Killed an Ice Fiend
 35279 | IceCv    | Received a gift from Okawaru
 35483 | Swamp:3  | Received a gift from Okawaru
 35547 | Swamp:3  | Reached skill level 19 in Bows
 35547 | Swamp:3  | Reached skill level 5 in Spellcasting
 35856 | Swamp:3  | Reached skill level 10 in Armour
 36124 | Swamp:4  | Entered Level 4 of the Swamp
 36707 | Snake:1  | Entered Level 1 of the Snake Pit
 37112 | Snake:1  | Noticed Aizul
 37128 | Snake:1  | Killed Aizul
 39503 | Snake:3  | Noticed Agnes
 39515 | Snake:3  | Killed Agnes
 40078 | Snake:3  | Got a pair of heavily runed boots
 40089 | Snake:3  | Identified the +2 pair of boots of the Comet {rElec} (You acquired it on level 3 of the Snake Pit)
 40299 | Snake:3  | Received a gift from Okawaru
 40701 | Snake:3  | Received a gift from Okawaru
 40701 | Snake:3  | Reached skill level 15 in Dodging
 40701 | Snake:3  | Reached XP level 18. HP: 132/132 MP: 30/30
 40786 | Snake:4  | Entered Level 4 of the Snake Pit
 41607 | Snake:4  | Received a gift from Okawaru
 41687 | Snake:4  | Noticed Vashnia
 41719 | Snake:4  | Killed Vashnia
 41734 | Snake:4  | Reached skill level 15 in Fighting
 41822 | Snake:4  | Received a gift from Okawaru
 42477 | Snake:4  | Noticed Mara
 42495 | Snake:4  | Killed Mara
 42515 | Snake:4  | Killed Mara
 42600 | Snake:4  | Noticed Saint Roka
 42617 | Snake:4  | Killed Saint Roka
 42617 | Snake:4  | Received a gift from Okawaru
 42617 | Snake:4  | Reached skill level 20 in Bows
 42799 | Snake:4  | Received a gift from Okawaru
 43124 | Snake:4  | Received a gift from Okawaru
 43270 | Snake:4  | Received a gift from Okawaru
 43298 | Snake:4  | Got a warped double sword {god gift}
 43299 | Snake:4  | Identified the +10 double sword "Wudympoasm" {venom, MR++} (Okawaru gifted it to you on level 4 of the Snake Pit)
 43466 | Snake:4  | Reached XP level 19. HP: 139/139 MP: 31/31
 43595 | Snake:4  | Got a serpentine rune of Zot
 44161 | Swamp:4  | Received a gift from Okawaru
 44282 | Swamp:4  | Noticed the 27-headed Lernaean hydra
 44468 | Swamp:4  | Killed the 27-headed Lernaean hydra
 44514 | Swamp:4  | Got a decaying rune of Zot
 44794 | Swamp:4  | Received a gift from Okawaru
 45363 | Vaults:1 | Entered Level 1 of the Vaults
 45731 | Vaults:1 | Found a roughly hewn altar of Beogh.
 45756 | Vaults:1 | Reached skill level 21 in Bows
 45850 | Vaults:1 | Found Duphask's Book Shoppe.
 45872 | Vaults:1 | Noticed Wiglaf
 45880 | Vaults:1 | Killed Wiglaf
 47238 | Vaults:2 | Received a gift from Okawaru
 47332 | Vaults:2 | Reached XP level 20. HP: 149/149 MP: 32/32
 47356 | Vaults:2 | Upgraded the game from 0.17-a0-1767-gccbed74 to 0.17-a0-1769-g54adf96
 47420 | Vaults:2 | Noticed Donald
 47431 | Vaults:2 | Killed Donald
 47431 | Vaults:2 | Received a gift from Okawaru
 47634 | Vaults:2 | Found Xaskau's Food Emporium.
 48107 | Vaults:2 | Found a staircase to the Crypt.
 48130 | Vaults:2 | Noticed Nikola
 48141 | Vaults:2 | Killed Nikola
 48350 | Vaults:2 | Received a gift from Okawaru
 48369 | Vaults:2 | Got a spiked cloak {god gift}
 48380 | Vaults:2 | Identified the -1 cloak of Joipno {*Confuse rPois rC+ Int+7} (Okawaru gifted it to you on level 2 of the Vaults)
 49251 | Vaults:3 | Reached skill level 22 in Bows
 50198 | Elf:1    | Entered Level 1 of the Elven Halls
 50530 | Elf:1    | Got a warped dagger
 50531 | Elf:1    | Identified the +1 dagger "Xyahenn" {antimagic, MR++} (You found it on level 1 of the Elven Halls)
 50585 | Elf:1    | Noticed demonpo's ghost (powerful HOBe)
 50599 | Elf:1    | Killed demonpo's ghost
 51231 | Elf:2    | Found Xedupt's Antique Armour Shop.
 51342 | Elf:2    | Found Seisk's Distillery.
 51348 | Elf:2    | Bought a potion of heal wounds for 85 gold pieces
 51348 | Elf:2    | Bought a potion of haste for 170 gold pieces
 51666 | Elf:2    | Found a huge runed gate.
 51666 | Elf:2    | Found a huge runed gate.
 51666 | Elf:2    | Found a huge runed gate.
 51668 | Elf:2    | Found a huge runed gate.
 51669 | Elf:2    | Found a huge runed gate.
 51986 | Elf:2    | Reached XP level 21. HP: 127/156 MP: 34/34
 52212 | Elf:2    | Received a gift from Okawaru
 52341 | Orc:4    | Killed Hawklord's ghost
 52567 | D:5      | Fell from the grace of Okawaru
 52567 | D:5      | Became a worshipper of Cheibriados the Contemplative
 52912 | Elf:3    | Entered Level 3 of the Elven Halls
 53320 | Elf:3    | Acquired Cheibriados's first power
 54602 | Elf:3    | Reached skill level 10 in Evocations
 54780 | Elf:3    | Identified the Collected Works on Unholy Ice (You found it on level 3 of the Elven Halls)
 54811 | Elf:3    | Got an ancient helmet
 54822 | Elf:3    | Identified the +0 helmet "Baepo" {rPois Dex+2} (You found it on level 3 of the Elven Halls)
 54835 | Elf:3    | Identified A Thorough Guide to Witchery
 55367 | Elf:2    | Acquired Cheibriados's second power
 55602 | Lair:1   | Learned a level 2 spell: Repel Missiles
 55605 | Lair:1   | Learned a level 2 spell: Blink
 55608 | Lair:1   | Learned a level 2 spell: Shroud of Golubria
 55611 | Lair:1   | Learned a level 2 spell: Song of Slaying
 55615 | Lair:1   | Learned a level 3 spell: Conjure Flame
 55617 | Lair:1   | Learned a level 1 spell: Apportation
 55619 | Lair:1   | Learned a level 1 spell: Corona
 55623 | Lair:1   | Learned a level 3 spell: Passwall
 56078 | Vaults:4 | Reached skill level 1 in Charms
 56078 | Vaults:4 | Reached skill level 1 in Translocations
 56103 | Vaults:4 | Acquired Cheibriados's third power
 56414 | Vaults:4 | Acquired Cheibriados's fourth power
 56717 | Vaults:4 | Reached skill level 10 in Spellcasting
 57062 | Vaults:4 | Got a warped scale mail
 57063 | Vaults:4 | Identified the +1 scale mail of the Stars {+Inv rF++ rC+ Dex-2} (You found it on level 4 of the Vaults)
 57357 | Vaults:4 | Noticed Frances
 57373 | Vaults:4 | Reached XP level 22. HP: 120/164 MP: 37/37
 57403 | Vaults:4 | Killed Frances
 57457 | Vaults:4 | Reached skill level 5 in Charms
 57653 | Vaults:5 | Entered Level 5 of the Vaults
 57753 | Vaults:4 | Was forgiven by Okawaru
 58059 | Vaults:4 | Reached skill level 1 in Fire Magic
 58242 | Vaults:4 | Reached skill level 1 in Conjurations
 58485 | Vaults:5 | Got a silver rune of Zot
 58517 | Vaults:5 | Identified a +5 rod of inaccuracy (14/14) (You found it on level 5 of the Vaults)
 58546 | Vaults:5 | Identified a +1 rod of destruction (12/12) (You found it on level 5 of the Vaults)
 58577 | Vaults:5 | Reached skill level 5 in Translocations
 58579 | Vaults:5 | Noticed Grim's ghost (great MiBe)
 58901 | Vaults:5 | Got a smoking scimitar
 58902 | Vaults:5 | Identified the +9 scimitar of Hemu {venom, rElec MR+ Dex+4} (You took it off a deep elf conjurer on level 5 of the Vaults)
 58906 | Vaults:5 | Got an uncursed faintly glowing long sword {venom}
 58907 | Vaults:5 | Identified the +2 long sword "Bymid" {venom, rElec rF+ MR+ Int+2} (You took it off a yaktaur captain on level 5 of the Vaults)
 59107 | Vaults:5 | Killed Grim's ghost
 59290 | Vaults:5 | Reached XP level 23. HP: 171/171 MP: 39/39
 59307 | Vaults:5 | Noticed an ancient lich
 59315 | Vaults:5 | Killed an ancient lich
 59315 | Vaults:5 | Reached skill level 15 in Armour
 59480 | Vaults:5 | Got a pitted jade ring
 59482 | Vaults:5 | Identified the ring "Zaxupt" {+Inv MR+} (You took it off a vault sentinel on level 5 of the Vaults)
 59850 | Vaults:5 | Learned a level 3 spell: Confuse
 60417 | Vaults:5 | Reached skill level 5 in Conjurations
 60615 | Crypt:1  | Entered Level 1 of the Crypt
 61041 | Crypt:1  | Reached skill level 5 in Fire Magic
 62428 | Crypt:3  | Entered Level 3 of the Crypt
 62587 | Crypt:3  | Reached skill level 1 in Hexes
 62595 | Crypt:3  | Found an ancient bone altar of Kikubaaqudgha.
 62810 | Crypt:3  | Got a coiled amber ring
 62810 | Crypt:3  | Got a shimmering bronze ring
 62810 | Crypt:3  | Got a scorched pewter ring
 62813 | Crypt:3  | Identified the ring of Darkness {+Inv rN+} (You found it on level 3 of the Crypt)
 62815 | Crypt:3  | Identified the ring of Accord {rElec rF+ rC+++ rN+ Str-4} (You found it on level 3 of the Crypt)
 62817 | Crypt:3  | Identified the ring "Ittiuq" {rN+ MP+9} (You found it on level 3 of the Crypt)
 62852 | Crypt:3  | Noticed an ancient lich
 62857 | Crypt:3  | Reached XP level 24. HP: 162/179 MP: 39/39
 62863 | Crypt:3  | Reached skill level 23 in Bows
 62975 | Crypt:3  | Killed an ancient lich
 63500 | Crypt:3  | Identified the Catalogue of Displacement (You found it on level 3 of the Crypt)
 63505 | Crypt:3  | Learned a level 3 spell: Gell's Gravitas
 64163 | Crypt:3  | Learned a level 3 spell: Teleport Other
 64545 | Crypt:3  | Found a staircase to the Tomb.
 65208 | Depths:1 | Entered Level 1 of the Depths
 65378 | Depths:1 | Found a gateway to Hell.
 65402 | Depths:1 | Noticed the Enchantress
 65443 | Depths:1 | Killed the Enchantress
 65490 | Depths:1 | Got a faerie dragon armour
 65491 | Depths:1 | Identified the +0 faerie dragon armour {rN+ Slay+5 SInv} (You took it off the Enchantress on level 1 of the Depths)
 65552 | Depths:1 | Noticed Norris
 65557 | Depths:1 | Killed Norris
 65781 | Depths:1 | Found a runed door.
 66089 | Depths:1 | Found a portal to a secret trove of treasure.
 66340 | Depths:1 | Found a one-way gate leading to the halls of Pandemonium.
 66510 | Depths:1 | Found a basalt altar of Yredelemnul.
 67181 | D:12     | Reached XP level 25. HP: 187/189 MP: 40/40
 67792 | Depths:3 | Noticed a juggernaut
 67815 | Depths:3 | Killed a juggernaut
 67815 | Depths:3 | Reached skill level 24 in Bows
 68501 | Depths:3 | Learned a level 4 spell: Condensation Shield
 69101 | Depths:4 | Noticed Margery
 69111 | Depths:4 | Killed Margery
 69511 | Depths:4 | Reached skill level 25 in Bows
 69788 | Depths:4 | Reached XP level 26. HP: 201/201 MP: 40/40
 69849 | Depths:4 | Identified Sif Muna's Grimoire of Floating Protection (You found it on level 4 of the Depths)
 70015 | Depths:4 | Found a one-way gate to the infinite horrors of the Abyss.
 70841 | Depths:4 | Got a shimmering turquoise ring
 70846 | Depths:4 | Identified the ring "Utunink" {+/*Tele rN+ Int+3} (You found it on level 4 of the Depths)
 70963 | Depths:4 | Got an ebony great sword {drain}
 70964 | Depths:4 | Identified the +11 great sword of Perversion {drain, rElec rC+ Str+3 Int-5} (You took it off a tengu reaver on level 4 of the Depths)
 71126 | Depths:5 | Entered Level 5 of the Depths
 71327 | Depths:2 | Noticed an ancient lich
 71330 | Depths:2 | Killed an ancient lich
 71330 | Depths:2 | Reached skill level 26 in Bows
 71812 | Depths:2 | Paralysed by a giant eyeball for 2 turns
 71941 | Depths:2 | Identified Khufu's Collected Works on Evil and Talismans (You found it on level 2 of the Depths)
 71946 | Depths:2 | Learned a level 3 spell: Regeneration
 71952 | Depths:2 | Learned a level 5 spell: Excruciating Wounds
 72019 | Depths:2 | Found a gateway to a ziggurat.
 72547 | Depths:2 | Noticed Maud
 72555 | Depths:2 | Killed Maud
 72575 | Depths:2 | Identified the Collected Works on Talismans
 72579 | Depths:2 | Got a scorched plate armour
 72580 | Depths:2 | Identified the cursed +1 plate armour "Iwuosiuf" {Int+3 Stlth+} (You found it on level 2 of the Depths)
 72956 | Depths:5 | Found a gate to the Realm of Zot.
 73033 | Depths:5 | Reached XP level 27. HP: 214/214 MP: 39/40
 73149 | Depths:5 | Found a corrupted altar of Lugonu.
 73160 | Depths:5 | Noticed a juggernaut
 73161 | Depths:5 | Killed a juggernaut
 73864 | Lair:1   | Learned a level 1 spell: Infusion
 74134 | Depths:1 | You paid a toll of a +4 demon whip to enter a treasure trove
 74135 | Trove    | Entered a treasure trove
 74143 | Trove    | Identified Sif Muna's Compendium of Enchanting Conjuration
 74213 | Depths:1 | Identified a +4 rod of shadows (14/14) (You found it in a treasure trove)
 74214 | Depths:1 | Identified a +3 rod of shadows (9/9) (You found it in a treasure trove)
 74741 | Lair:8   | Noticed an acid blob
 74742 | Lair:8   | Noticed an acid blob
 74860 | Lair:8   | Killed an acid blob
 74864 | Lair:8   | Killed an acid blob
 74869 | Lair:8   | Killed an acid blob
 74916 | Slime:1  | Entered Level 1 of the Pits of Slime
 75143 | Slime:1  | Reached skill level 15 in Long Blades
 76461 | Slime:4  | Noticed Dissolution
 76546 | Slime:4  | Killed Dissolution
 76826 | Slime:4  | Reached skill level 27 in Bows
 77725 | Slime:6  | Entered Level 6 of the Pits of Slime
 77870 | Slime:6  | Found a viscous altar of Jiyva.
 77874 | Slime:6  | Noticed the royal jelly
 77899 | Slime:6  | Killed the royal jelly
 78122 | Slime:6  | Gained mutation: You are covered in fur (AC +1). [a shining eye]
 78227 | Slime:6  | Reached skill level 1 in Earth Magic
 78472 | Slime:6  | Got a flickering iron amulet
 78484 | Slime:6  | Got a slimy brass amulet
 78496 | Slime:6  | Identified the amulet of the Jolly Songs {rF++ rN++ Regen+ Stlth-} (You found it on level 6 of the Pits of Slime)
 78497 | Slime:6  | Identified the amulet of Loeh {Spirit rC+ MR+} (You found it on level 6 of the Pits of Slime)
 78518 | Slime:6  | Got a slimy rune of Zot
 78559 | Slime:6  | Identified Khufu's Incunabulum of Evil Secrets
 78576 | Slime:6  | Learned a level 1 spell: Summon Butterflies
 78597 | Slime:6  | Identified the Almanac of Boosts
 78602 | Slime:6  | Learned a level 3 spell: Spectral Weapon
 78613 | Slime:6  | Got a scorched steel ring
 78614 | Slime:6  | Identified the ring of Ythreh {MR+ Str+6 Dex+3 Stlth+} (You found it on level 6 of the Pits of Slime)
 79151 | Hell     | Entered the Vestibule of Hell
 79151 | Hell     | Noticed Geryon
 79314 | Hell     | Killed Geryon
 79850 | Hell     | Found a gateway to the decaying netherworld of Tartarus.
 79915 | Hell     | Found a gateway to the freezing wastes of Cocytus.
 80108 | Hell     | Found a gateway to the Iron City of Dis.
 80212 | Hell     | Found a gateway to the ashen valley of Gehenna.
 80364 | Depths:4 | Voluntarily entered the Abyss.
 80920 | Abyss:3  | Found an iron altar of Okawaru.
 81493 | Abyss:3  | Reached skill level 27 in Fighting
 81516 | Abyss:3  | Reached skill level 1 in Ice Magic
 81934 | Abyss:3  | Found a bloodstained altar of Trog.
 82252 | Abyss:3  | Reached skill level 5 in Ice Magic
 82556 | Abyss:3  | Found a corrupted altar of Lugonu.
 82604 | Abyss:3  | Got an abyssal rune of Zot
 82822 | Depths:4 | Escaped the Abyss
 83053 | Coc:1    | Entered Level 1 of Cocytus
 83781 | Coc:1    | Reached skill level 10 in Ice Magic
 84487 | Coc:2    | You fall through a shaft for 2 floors!
 86054 | Coc:7    | Entered Level 7 of Cocytus
 86240 | Dis:1    | Entered Level 1 of the Iron City of Dis
 87304 | Dis:2    | Gained mutation: You tend to lose your temper in combat. [mutagenic glow]
 87332 | Dis:2    | Gained mutation: Your magical capacity is low (-10% MP). [mutagenic glow]
 87424 | Dis:2    | Gained mutation: You are resistant to hostile enchantments. [mutagenic glow]
 87946 | Lair:1   | Lost mutation: You tend to lose your temper in combat. [potion of cure mutation]
 87946 | Lair:1   | Lost mutation: Your magical capacity is low (-10% MP). [potion of cure mutation]
 87946 | Lair:1   | Lost mutation: You are resistant to hostile enchantments. [potion of cure mutation]
 89467 | Dis:7    | Entered Level 7 of the Iron City of Dis
 90769 | Dis:7    | Got a blackened shield
 90772 | Dis:7    | Identified the +3 shield of Pride {+Fly Str+3} (You found it on level 7 of the Iron City of Dis)
 90796 | Dis:7    | Noticed Dispater
 90866 | Dis:7    | Killed Dispater
 90933 | Dis:7    | Got a polished plate armour
 90966 | Dis:7    | Got an iron rune of Zot
 91037 | Dis:7    | Identified the cursed +0 plate armour "Minnic" {Str+2} (You found it on level 7 of the Iron City of Dis)
 92865 | Coc:7    | Noticed Antaeus
 93109 | Coc:7    | Killed Antaeus
 93146 | Coc:7    | Got an icy rune of Zot
 93157 | Coc:7    | Got a transparent shortbow
 93158 | Coc:7    | Identified the +8 shortbow "Conservator" {flame, Str+3 Stlth+} (You found it on level 7 of Cocytus)
 94143 | Geh:1    | Entered Level 1 of Gehenna
 94322 | Geh:1    | Cast into the Abyss (hell knight)
 94393 | Geh:1    | Escaped the Abyss
 94992 | Geh:1    | Reached skill level 27 in Dodging
 95401 | Geh:2    | Reached skill level 10 in Invocations
 96241 | Geh:4    | Reached skill level 15 in Spellcasting
 97751 | Geh:5    | Gained mutation: Your body sometimes deteriorates upon taking damage. [mutagenic glow]
 97882 | Geh:7    | Entered Level 7 of Gehenna
 98887 | Geh:7    | Noticed the Serpent of Hell
 98922 | Geh:7    | Killed the Serpent of Hell
 99199 | Geh:7    | HP: 9/222 [Brimstone Fiend/blast of hellfire (16)]
 99200 | Geh:7    | Noticed Asmodeus
 99200 | Geh:7    | Killed from afar by a lich

Vault maps used:
D:1:      sevenhm_arrival_forest_fort_large_4
D:2:      fedhas_altar_4, ecumenical_altar_2, okawaru_metal_pillars_1_2
D:3:      serial_park_tiny_pond
D:4:      lemuel_round_altar, lemuel_coloured_pillars_altar,
          lemuel_temple_firewalk_marked, enter_ossuary_3, first_bread,
          nicolae_ru_the_path_less_chosen
D:5:      zin_treasury, kennysheep_mini_moat, uniq_edmund
D:7:      nicolae_overflow_crystal_walls, nicolae_dithmenos_shadow_blocks,
          kennysheep_mini, basic_altar
D:8:      makhleb_blood_cavern_becter, grunt_gozag_statues
D:9:      evilmike_ruin_ashenzari, david_orc_5, minmay_librarian, uniq_grum,
          uniq_erica
D:10:     grunt_tengu_nest, kennysheep_small_spiral
D:11:     lair_0_dummy, tso_metal_star
D:12:     serial_shops, shop, uniq_erolcha
D:13:     lemuel_reptile_caves, david_vaults_4
D:14:     basic_altar, serial_glass, glass_columns_a, glass_columns_a,
          minmay_tree_intersection
D:15:     hangedman_depths_entry_civil_slaughter, moated_statue
Lair:1:   serial_bayou_shore_b, serial_bayou_shore_a
Lair:2:   grunt_megastairs_1, infiniplex_staircase_pool, lemuel_fruit_tree
Lair:3:   patterned_corridor, serial_bayou_shore_b
Lair:4:   beast_lair_carwin_7
Lair:5:   swamp_mist, minmay_snake_entry_guardpost_small, lab_entry_generic,
          st_stairs_11
Lair:6:   beast_lair_carwin_2, bh_autumn_forest_stairs
Lair:7:   serial_bayou_pond_b, serial_bayou_shore_b
Lair:8:   hangedman_lair_tendril_chambers, slime_altar_2
Swamp:1:  evilmike_swamp_ruin_rubble_2
Swamp:2:  evilmike_swamp_ruin_house_5, swamp_pool4
Swamp:3:  portal_ice_cave_entry_pillars_02, serial_swamp_ruin,
          evilmike_swamp_ruin_house_6, evilmike_swamp_ruin_rubble_1,
          evilmike_swamp_ruin_house_2
Swamp:4:  grunt_swamp_rune_castle
Snake:1:  uniq_aizul
Snake:3:  uniq_agnes
Snake:4:  grunt_snake_rune_serpentine_throne, serial_bayou_crossing, uniq_mara,
          uniq_saint_roka, uniq_vashnia
Slime:4:  dissolution_awaits
Slime:5:  nicolae_slime_round_cave
Orc:1:    uniq_fannar
Orc:2:    nicolae_orc_accident_2, nicolae_volcano_entry_two_sided
Orc:3:    giant_chief_lemuel, nicolae_orc_pool_cavern, mines2_lemuel
Orc:4:    pubby_orc_utopia, uniq_nessos, uniq_josephine
Elf:1:    kennysheep_underground_church
Elf:2:    serial_shops, shop_statue, nicolae_shop_statue_plus
Elf:3:    minmay_elf_hall, item_on_display_a
Vaults:1: v_misc_19, ontoclasm_vaults_ring_square, v_pattern_2,
          special_room_vaults, ontoclasm_vaults_shuriken, ontoclasm_vaults_chip,
          hangedman_vaults_unwind, vaults_room_grunt_arrival_checkpoint,
          vaults_room_pool, vaults_standard_mumra_x, vaults_room_semicircle,
          vaults_room_corners, serial_shops, shop_statue, uniq_wiglaf
Vaults:2: v_rooms_5, v_misc_5, dpeg_vaults_monster_row, ontoclasm_vaults_idyll,
          minmay_crypt_entry_simple_plaza, hangedman_vaults_stitches,
          hangedman_vaults_river_flow, vaults_room_fancy_cross,
          vaults_mumra_hex, nicolae_vaults_gold_heap, vaults_dpeg_doors,
          serial_shops, shop, uniq_nikola, uniq_donald
Vaults:3: vaults_room_boxed, nicolae_vaults_ring_of_whatevers,
          vaults_dpeg_cross, nicolae_vaults_murderbox, v_misc_29,
          vaults_room_corners, ontoclasm_vaults_loading_screen, v_pattern_3,
          vaults_dpeg_ring, ontoclasm_vaults_ligature
Vaults:4: vaults_room_hallway, hangedman_vaults_snaps, grunt_vaults_funnel,
          nicolae_vaults_asterisk, ontoclasm_vaults_eye, v_misc_5,
          ontoclasm_vaults_spin, v_misc_30, sword_in_stone,
          ontoclasm_vaults_misaligned, nicolae_vaults_ring_of_whatevers
Crypt:1:  roderic_lattice_octagonal_star
Crypt:3:  church_of_pain_bobbens
Depths:1: mludivico_vault, hell_entry, minmay_misc_feat_enclosed,
          nicolae_trove_entry_columns, pan_entry, grunt_ministairs_9,
          minmay_misc_feat_rugged, serial_sigils_hangedman_shear, moated_statue,
          hangedman_blasphemy, serial_bayou_shore_b, serial_bayou_shore_b,
          uniq_norris, uniq_enchantress
Depths:2: lemuel_river_lethe, hell_entry, pan_entry
Depths:3: minmay_swirls_squares, grunt_pan_entry_spiral, grunt_mini_vestibule,
          hangedman_decor_growths, st_stairs_14
Depths:4: grunt_twisty_corner, hell_entry, abyss_entry, grunt_tough_drop,
          grunt_megastairs_4, minmay_staircase_windowed_small, uniq_margery
Depths:5: evilmike_zot_entry_round, abyss_entry_flame_altar, pf_coc_iceberg,
          spider_trap, serial_bayou_shore_b
Dis:7:    iron_city_of_dis
Geh:1:    special_room
Geh:2:    lemuel_hellion_isle
Geh:7:    geh_old
Coc:7:    coc_grunt
Abyss:2:  minivault_23
Abyss:3:  minivault_13
Lab:      labyrinth_hidden_loot, nicolae_lab_garden, nicolae_lab_swirl,
          labyrinth_glass_1, nicolae_lab_grate_2, nicolae_lab_arrow, lab_block,
          labyrinth_skeletal_remains, nicolae_lab_very_dead_end,
          nicolae_lab_quarters, lab_fountain
Trove:    trove_books_scrolls
Ossuary:  ossuary_tomb_1
IceCv:    ice_cave_tombish
Volcano:  volcano_pools

Action                   |  1- 3 |  4- 6 |  7- 9 | 10-12 | 13-15 | 16-18 | 19-21 | 22-24 | 25-27 || total
-------------------------+-------+-------+-------+-------+-------+-------+-------+-------+-------++-------
Melee: Long sword        |   146 |   385 |   483 |     1 |   888 |       |       |       |       ||  1903
       Scimitar          |       |       |       |   983 |       |       |       |     4 |       ||   987
       Great sword       |       |       |       |    17 |   581 |   211 |    28 |    18 |  4634 ||  5489
       Longbow           |       |       |       |       |       |     1 |       |     2 |    19 ||    22
       Double sword      |       |       |       |       |       |       |   165 |       |   612 ||   777
 Fire: Shortbow          |       |       |       |    88 |       |       |       |       |       ||    88
       Longbow           |       |       |       |    39 |   541 |  1541 |  2011 |  1984 |  3385 ||  9501
Throw: Javelin           |       |    23 |    19 |    25 |     8 |       |       |       |       ||    75
       Throwing net      |       |       |       |     4 |       |       |       |       |       ||     4
 Cast: Cure Poison       |       |       |       |       |       |    15 |     2 |       |       ||    17
       Repel Missiles    |       |       |       |       |       |       |     2 |     1 |     5 ||     8
       Shroud of Golubri |       |       |       |       |       |       |       |     4 |     6 ||    10
       Song of Slaying   |       |       |       |       |       |       |       |     6 |     7 ||    13
       Apportation       |       |       |       |       |       |       |       |     1 |     1 ||     2
       Passwall          |       |       |       |       |       |       |       |       |     8 ||     8
       Infusion          |       |       |       |       |       |       |       |       |     7 ||     7
       Conjure Flame     |       |       |       |       |       |       |       |       |     1 ||     1
       Teleport Other    |       |       |       |       |       |       |       |       |     1 ||     1
       Condensation Shie |       |       |       |       |       |       |       |       |     1 ||     1
Invok: Heroism           |       |       |     8 |    30 |    24 |    15 |     4 |       |       ||    81
       Finesse           |       |       |       |     3 |     1 |     6 |       |       |       ||    10
       Step From Time    |       |       |       |       |       |       |       |     2 |     4 ||     6
       Bend Time         |       |       |       |       |       |       |       |     1 |       ||     1
 Abil: Evoke Blink       |       |       |       |       |       |    15 |    10 |    25 |    60 ||   110
       Evoke Flight      |       |       |       |       |       |       |       |       |    12 ||    12
       Stop Flying       |       |       |       |       |       |       |       |       |     1 ||     1
Evoke: Wand              |       |     2 |       |     1 |       |       |       |       |       ||     3
       Disc of storms    |       |       |       |       |       |       |       |       |     3 ||     3
       Rod               |       |       |       |       |       |       |       |       |     2 ||     2
       Deck              |       |       |       |       |       |       |       |       |     1 ||     1
  Use: Scroll            |       |     6 |     2 |    17 |    17 |    13 |    17 |    10 |    26 ||   108
       Potion            |       |     2 |     2 |     7 |     1 |     6 |     4 |     2 |    26 ||    50
 Stab: Held in net/web   |       |       |       |     2 |       |       |       |       |       ||     2
       Distracted        |       |       |       |     2 |     1 |       |       |       |       ||     3
       Sleeping          |       |       |       |       |     4 |       |       |       |       ||     4
       Invisible         |       |       |       |       |       |       |       |       |     3 ||     3
       Paralysed         |       |       |       |       |       |       |       |       |     3 ||     3
  Eat: Chunk             |     2 |     7 |    15 |    24 |    47 |    22 |    20 |     7 |     7 ||   151
       Meat ration       |       |     1 |       |       |       |     1 |     1 |       |     5 ||     8
       Beef jerky        |       |       |       |     1 |     1 |     3 |     1 |     3 |     5 ||    14
       Royal jelly       |       |       |       |     1 |       |       |       |       |     1 ||     2
       Fruit             |       |       |       |       |     2 |    14 |    10 |       |       ||    26
       Bread ration      |       |       |       |       |     2 |     1 |       |     2 |    10 ||    15
       Pizza             |       |       |       |       |       |     1 |     5 |     1 |     4 ||    11
